 Dungeon Crawl Stone Soup version 0.23-a0-13-gb09bef45d9 (webtiles) character file.

665 Kaname the Destroyer (level 7, -2/46 HPs)
             Began as a Demonspawn Wizard on Aug 2, 2018.
             Was an Initiate of Gozag.
             Shot with an arrow by a centaur (7 damage)
             ... on level 5 of the Dungeon.
             The game lasted 00:12:08 (3964 turns).

Kaname the Destroyer (Demonspawn Wizard)            Turns: 3964, Time: 00:12:09

Health: -2/46      AC:  4    Str:  7    XL:     7   Next: 31%
Magic:  10/11      EV: 12    Int: 21    God:    Gozag
Gold:   176        SH:  0    Dex: 12    Spells: 6/12 levels left

rFire    . . .     SeeInvis .   j - +2 mace (crush)
rCold    . . .     Gourm    .   (no shield)
rNeg     . . .     Faith    .   a - +0 robe
rPois    .         Spirit   .   q - +2 hat
rElec    .         Reflect  .   (no cloak)
rCorr    .         Harm     .   (no gloves)
MR       .....                  (no boots)
Stlth    ++........             (no amulet)
HPRegen  0.15/turn              (no ring)
MPRegen  0.12/turn              (no ring)

@: no status effects
A: hooves 1, demonic guardian 1, sturdy frame 1
a: Potion Petition, Call Merchant, Bribe Branch, Renounce Religion


You were on level 5 of the Dungeon.
You worshipped Gozag.
Gozag was aware of your devotion.
You were not hungry.

You visited 2 branches of the dungeon, and saw 6 of its levels.

You collected 211 gold pieces.
You paid 35 gold pieces to Gozag.

Inventory:

Hand Weapons
 j - a +2 mace of crushing (weapon)
Missiles
 g - 55 arrows
Armour
 a - a +0 robe (worn)
 q - a +2 hat (worn)
Jewellery
 s - a cursed -5 ring of slaying {unknown}
Scrolls
 b - a scroll of immolation {unknown}
 c - a scroll of identify
 e - a scroll of enchant weapon {unknown}
 f - 3 scrolls of remove curse
 h - 2 scrolls of teleportation {unknown}
 k - 2 scrolls of fog {unknown}
 o - 3 scrolls of fear
 p - a scroll of blinking {unknown}
Potions
 i - 3 potions of brilliance
 l - 2 potions of flight
 m - 6 potions of curing
 n - 2 potions of mutation
 r - a potion of lignification {unknown}
Comestibles
 d - 3 rations


   Skills:
 - Level 1.7 Dodging
 - Level 1.7 Stealth
 + Level 3.0 Spellcasting
 - Level 8.0 Conjurations
   Level 1.0 Summonings
 - Level 1.0 Translocations


You had 6 spell levels left.
You knew the following spells:

 Your Spells              Type           Power        Failure   Level  Hunger
a - Magic Dart            Conj           ####         1%          1    None
b - Blink                 Tloc           N/A          13%         2    ##.....
c - Mephitic Cloud        Conj/Pois/Air  ##......     13%         3    ###....

Your spell library contained the following spells:

 Spells                   Type           Power        Failure   Level  Hunger
 Conjure Flame            Conj/Fire      ###.....     8%          3    ###....
 Slow                     Hex            #.......     21%         2    ##.....
 Call Imp                 Summ           #.......     13%         2    ##.....


Dungeon Overview and Level Annotations

Branches:
Dungeon (5/15)             Temple (1/1) D:4

Altars:
Cheibriados
Elyvilon
Fedhas
Gozag
Kikubaaqudgha
Nemelex Xobeh
Ru
Sif Muna
Trog
Vehumet
Wu Jian
Xom
Zin
The Shining One

Annotations:
D:5 Eustachio


Innate Abilities, Weirdness & Mutations

You have large cloven feet.
A weak demonic guardian rushes to your aid.
Your movements are slightly less encumbered by armour. (ER -2)


Message History

Gang up on whom?
Press: ? - help, Dir - move target cursor, f - centaur
Aim: a centaur, wielding a shortbow (lightly wounded) Attack!
The centaur shoots an arrow.
The arrow hits you.
Your white imp gestures at the centaur.
The puff of frost hits the centaur.
Unknown command.
Casting: Magic Dart (safe; 1% risk of failure)
Confirm with . or Enter, or press ? or * to list all spells.
Aiming: Magic Dart (safe; 1% risk of failure)
Press: ? - help, Shift-Dir - straight line, f/p - centaur
Aim: a centaur, wielding a shortbow (severely wounded)
The magic dart hits the centaur.
The centaur is severely wounded.
The centaur shoots an arrow.
The arrow hits you!
* * * LOW HITPOINT WARNING * * *
The centaur shoots an arrow.
The arrow barely misses your white imp. The arrow hits you!
You die...
Your body crumbles into a pile of gold.

#.. #.# .# #.# .#
#.###.####
##........###
#...........#
#...........
#.@.........
#.......#+# #######
..#####5#.##.###.....#
..........##.#........
........#c##.#.....#.#
...........((###.#.#.#
........#.##.(()c..(..
........#.##..##...##'
$
######................


You could see a centaur and a friendly white imp.

Vanquished Creatures
  An ogre (D:4)
  A phantom (D:4)
  A howler monkey (D:4)
  A hound (D:4)
  An orc wizard (D:4)
  2 orc priests
  A bullfrog skeleton (D:4)
  2 iguanas (D:4)
  2 worker ants
  4 adders
  3 dart slugs
  4 leopard geckos
  10 orcs
  3 ball pythons
  4 bats
  5 giant cockroaches
  10 goblins
  5 hobgoblins
  A quokka (D:2)
  2 frilled lizards (D:2)
  5 kobolds
  5 rats
73 creatures vanquished.

Vanquished Creatures (collateral kills)
  An ogre (D:4)
  A howler monkey (D:4)
  A hound (D:4)
  An orc (D:4)
4 creatures vanquished.

Grand Total: 77 creatures vanquished

Notes
Turn   | Place    | Note
-------+----------+-------------------------------------------
     0 | D:1      | Kaname the Demonspawn Wizard began the quest for the Orb.
     0 | D:1      | Reached XP level 1. HP: 13/13 MP: 4/4
   142 | D:1      | Reached skill level 2 in Conjurations
   204 | D:1      | Gained mutation: Your movements are slightly less encumbered by armour. (ER -2) [demonic ancestry]
   204 | D:1      | Reached XP level 2. HP: 11/19 MP: 0/6
   353 | D:1      | Learned a level 2 spell: Blink
   584 | D:1      | Reached skill level 3 in Conjurations
   693 | D:2      | Reached XP level 3. HP: 24/24 MP: 4/7
   698 | D:2      | Learned a level 3 spell: Mephitic Cloud
   709 | D:2      | Found a glowing golden altar of the Shining One.
   759 | D:2      | Reached skill level 1 in Translocations
   780 | D:2      | Found a faded altar of an unknown god.
   823 | D:2      | Found a shimmering altar of Xom.
   832 | D:2      | Found a blossoming altar of Fedhas.
  1480 | D:4      | Found a white marble altar of Elyvilon.
  1511 | D:4      | Reached skill level 4 in Conjurations
  1511 | D:4      | Reached XP level 4. HP: 17/30 MP: 3/8
  1770 | D:4      | Noticed an ogre
  1782 | D:4      | Killed an ogre
  1782 | D:4      | Reached skill level 5 in Conjurations
  1782 | D:4      | Gained mutation: A weak demonic guardian rushes to your aid. [demonic ancestry]
  1782 | D:4      | Reached XP level 5. HP: 19/35 MP: 0/9
  1903 | D:4      | Noticed a phantom
  1912 | D:4      | Reached skill level 6 in Conjurations
  1912 | D:4      | Reached XP level 6. HP: 33/41 MP: 3/10
  2428 | D:4      | Found a deep blue altar of Sif Muna.
  2550 | D:4      | Found a staircase to the Ecumenical Temple.
  2784 | D:4      | Reached skill level 7 in Conjurations
  2843 | D:4      | Gained mutation: You have large cloven feet. [demonic ancestry]
  2843 | D:4      | Reached XP level 7. HP: 41/46 MP: 11/11
  3024 | Temple   | Entered the Ecumenical Temple
  3088 | Temple   | Became a worshipper of Gozag Ym Sagoz the Greedy
  3722 | D:5      | Entered Level 5 of the Dungeon
  3722 | D:5      | Noticed Eustachio
  3739 | D:5      | Reached skill level 8 in Conjurations
  3964 | D:5      | Shot with an arrow by a centaur

Vault maps used:
D:1:      matt_arrival_diagonals
D:2:      lemuel_coloured_pillars_altar, grunt_temple_overflow_open,
          first_ration, chequers_ecumenical_altar_simple_redux
D:4:      marbit_many_paths, kennysheep_little_box, temple_doors_cd
D:5:      kennysheep_mini_moat, gammafunk_ghost_cemetery, uniq_ijyb,
          uniq_sigmund, uniq_eustachio
Temple:   dpeg_three_leaves_temple

Skill      XL: |  1  2  3  4  5  6  7 |
---------------+----------------------+-----
Conjurations   | 2 3 4 5 6 7 8 |  8.0
Translocations | 1 |  1.0
Dodging        | |  1.7
Stealth        | |  1.7
Spellcasting   | |  3.0
Summonings     | |  1.0

Action                   |  1- 3 |  4- 6 |  7- 9 || total
-------------------------+-------+-------+-------++-------
Melee: Dagger            |    13 |       |       ||    13
       Mace              |    29 |    38 |    20 ||    87
       Kick              |       |       |     2 ||     2
 Cast: Magic Dart        |    66 |    43 |    47 ||   156
       Blink             |       |     2 |       ||     2
  Use: Scroll            |     3 |     3 |     1 ||     7
       Potion            |       |     1 |       ||     1
 Stab: Sleeping          |     2 |     3 |       ||     5
  Eat: Chunk             |     1 |     5 |     2 ||     8
       Ration            |       |       |     1 ||     1
Armor: Robe              |    10 |     5 |     2 ||    17
Dodge: Dodged            |    20 |    40 |    23 ||    83

Table legend:
 A = Spawn XP
 B = Non-spawn XP
 C = Spawn XP percentage of total XP
 D = Spawn monster count
 E = Non-spawn monster count
 F = Spawn count percentage of total count
 G = Total turns spent on level
                    A         B        C        D         E        F      G
               +---------+---------+-------+---------+---------+-------+---------
         Total |       0 |     950 |   0.0 |       0 |      77 |   0.0 |  3964
               +---------+---------+-------+---------+---------+-------+---------
           D:1 |       0 |      39 |   0.0 |       0 |      22 |   0.0 |   654
           D:2 |       0 |      49 |   0.0 |       0 |      15 |   0.0 |   524
           D:3 |       0 |      72 |   0.0 |       0 |      11 |   0.0 |   746
           D:4 |       0 |     739 |   0.0 |       0 |      25 |   0.0 |  1810
           D:5 |       0 |      51 |   0.0 |       0 |       4 |   0.0 |   153
               +---------+---------+-------+---------+---------+-------+---------
